 Dungeon Crawl Stone Soup version 0.18.1-48-g4cf74bf (webtiles) character file.

114 zultag the Skirmisher (level 4, -15/31 HPs)
             Began as a Demonspawn Abyssal Knight on Sept 3, 2016.
             Was a Believer of Lugonu.
             Demolished by an ogre
             ... wielding a +0 giant club
              (19 damage)
             ... on level 4 of the Dungeon.
             The game lasted 00:23:29 (2880 turns).

zultag the Skirmisher (Demonspawn Abyssal Knight)   Turns: 2880, Time: 00:23:30

Health: -15/31     AC: 10    Str: 14    XL:     4   Next: 66%
Magic:  5/5        EV:  8    Int: 11    God:    Lugonu [**....]
Gold:   118        SH: 16    Dex: 12    Spells: 0 memorised, 3 levels left

rFire  . . .     SeeInvis .     r - +2 long sword (protect)
rCold  . . .     Gourm    .     g - +0 ring mail
rNeg   . . .     Faith    .     d - +0 large shield
rPois  .         Spirit   .     (no helmet)
rElec  .         Dismiss  .     (no cloak)
rCorr  .         Reflect  +     (no gloves)
SustAt .         Harm     .     (no boots)
MR     .....                    e - +5 amulet of reflection
Stlth  +.........               (no ring)
                                (no ring)

@: not resistant to hostile enchantments, very unstealthy
A: repulsion field 1, dopey 1, frail 1, low mp 1
a: Depart the Abyss, Bend Space, Renounce Religion


You were on level 4 of the Dungeon.
You worshipped Lugonu.
Lugonu was pleased with you.
You were near starving.

You visited 1 branch of the dungeon, and saw 4 of its levels.
You visited the Abyss 1 time.

You collected 118 gold pieces.

Inventory:

Hand Weapons
 a - a +1 mace
 c - a +0 hunting sling
 j - a +0 spear
 r - a +2 long sword of protection (weapon)
Missiles
 k - 38 arrows
 l - 51 stones (quivered)
 B - 49 bolts
 D - 5 tomahawks
Armour
 b - a +0 leather armour
 d - a +0 large shield (worn)
 g - a +0 ring mail (worn)
 w - a +0 cloak
Jewellery
 e - a +5 amulet of reflection (around neck)
 y - an uncursed amulet of faith
Wands
 q - a wand of confusion (35/48)
 z - a wand of confusion (31/48)
Scrolls
 h - a scroll of teleportation
 i - a scroll of magic mapping {unknown}
 u - a scroll of identify
 x - a scroll of fog
 A - a scroll of enchant weapon {unknown}
Potions
 f - a potion of curing
 n - 3 potions of lignification
 o - a potion of brilliance {unknown}
 p - a potion of mutation
 s - a potion of flight {unknown}
 t - 2 potions of cancellation {unknown}
Comestibles
 m - a beef jerky
 v - a bread ration
 C - 4 fruits


   Skills:
 + Level 3.3 Fighting
 + Level 0.1 Long Blades
 + Level 2.4 Maces & Flails
 + Level 2.1 Armour
 + Level 2.3 Dodging
 + Level 0.6 Stealth
 + Level 1.5 Shields
 + Level 2.6 Invocations


You had 3 spell levels left.
You didn't know any spells.

Dungeon Overview and Level Annotations

Branches:
Dungeon (4/15)
 Temple: D:4-7

Altars:
Elyvilon
Kikubaaqudgha
Nemelex Xobeh

Annotations:
D:4 Sigmund


Innate Abilities, Weirdness & Mutations

You are surrounded by a mild repulsion field (EV +2).
You are dopey. (Int -2)
You are frail (-10% HP).
Your magical capacity is low (-10% MP).


Message History

You hit the ogre but do no damage. You block the ogre's attack.
You slash the ogre!
The ogre is moderately wounded.
You block the ogre's attack. The ogre hits you with a giant club!!
Ouch! That really hurt!
You closely miss the ogre.
The ogre is moderately wounded.
The ogre hits you with a giant club.
You hit the ogre.
The ogre is heavily wounded.
The ogre hits you with a giant club.
* * * LOW HITPOINT WARNING * * *
Zapping:
z - a wand of confusion (will waste charges)
Press: ? - help, Shift-Dir - straight line, f - ogre
Aim: an ogre, wielding a giant club (heavily wounded, chance to defeat MR: 46%)
The ogre resists with some effort.
Evoking this partially-identified wand wasted a few charges.
The ogre hits you with a giant club!!
Ouch! That really hurt!
You die...

.# .##
##################
...
#@................
.##
#O################
..# #.# ..# #..
#.# ### ..# ###
..# #.#


You could see an ogre.

Vanquished Creatures
  A worker ant (D:3)
  3 adders
  An ooze (D:3)
  2 worms (D:2)
  2 dart slugs
  2 giant geckos
  4 orcs
  2 ball pythons
  4 giant cockroaches
  3 goblins (D:1)
  3 hobgoblins
  3 jackals (D:3)
  4 kobolds
  A quokka (D:2)
  5 bats
  2 giant newts
  A rat (D:3)
43 creatures vanquished.

Notes
Turn   | Place    | Note
--------------------------------------------------------------
     0 | Abyss:1  | zultag the Demonspawn Abyssal Knight began the quest for the Orb.
     0 | Abyss:1  | Reached XP level 1. HP: 18/18 MP: 2/2
    57 | D:1      | Escaped the Abyss
   305 | D:1      | Reached skill level 1 in Dodging
   499 | D:1      | Gained mutation: You are surrounded by a mild repulsion field (EV +2). [demonic ancestry]
   499 | D:1      | Reached XP level 2. HP: 24/24 MP: 3/3
   799 | D:1      | Found a sparkling altar of Nemelex Xobeh.
  1190 | D:2      | Reached XP level 3. HP: 13/29 MP: 4/4
  1614 | D:2      | Reached ** piety under Lugonu
  1854 | D:2      | Found a sparkling altar of Nemelex Xobeh.
  2085 | D:3      | Gained mutation: You are frail (-10% HP). [potion of mutation]
  2085 | D:3      | Gained mutation: You are dopey. (Int -2) [potion of mutation]
  2085 | D:3      | Gained mutation: Your magical capacity is low (-10% MP). [potion of mutation]
  2239 | D:3      | Reached skill level 1 in Shields
  2245 | D:3      | Reached XP level 4. HP: 31/31 MP: 5/5
  2302 | D:3      | Found an ancient bone altar of Kikubaaqudgha.
  2442 | D:3      | Found a white marble altar of Elyvilon.
  2551 | D:4      | Noticed Sigmund
  2874 | D:4      | Noticed an ogre
  2880 | D:4      | Demolished by an ogre

Skill      XL: |  1  2  3  4 |
---------------+-------------+-----
Dodging        | 1 2 |  2.3
Maces & Flails | 2 |  2.4
Armour         | 2 |  2.1
Shields        | 1 |  1.5
Fighting       | |  3.3
Long Blades    | |  0.1
Stealth        | |  0.6
Invocations    | |  2.6

Action                   |  1- 3 |  4- 6 || total
-------------------------+-------+-------++-------
Melee: Mace              |    78 |       ||    78
       Long sword        |    33 |    56 ||    89
Evoke: Wand              |       |     3 ||     3
  Use: Scroll            |     2 |     2 ||     4
       Potion            |     3 |     3 ||     6
  Eat: Bread ration      |     1 |       ||     1
Armor: Ring mail         |    23 |    22 ||    45
       Leather armour    |     1 |       ||     1
Dodge: Dodged            |    39 |    13 ||    52
Block: Large shield      |   101 |    60 ||   161
       Reflection        |     4 |     5 ||     9
